 Dungeon Crawl Stone Soup version 0.17.2-1-ge4368a0 (webtiles) character file.

196 Goblin1989 the Cudgeler (level 5, -16/42 HPs)
             Began as a Demonspawn Chaos Knight on Dec 20, 2017.
             Demolished by an ogre (21 damage)
             ... on level 4 of the Dungeon.
             The game lasted 00:08:54 (3438 turns).

Goblin1989 the Cudgeler (Demonspawn Chaos Knight)   Turns: 3438, Time: 00:08:54

Health: -16/42     AC:  6    Str: 14      XL:     5   Next: 45%
Magic:  5/5        EV:  8    Int: 13      God:    Xom [.*....]
Gold:   157        SH:  0    Dex:  8 (12) Spells: 0 memorised, 4 levels left

rFire  . . .     SeeInvis .       - Unarmed
rCold  . . .     Clarity  .     l - +0 scale mail
rNeg   . . .     SustAt   .     (no shield)
rPois  .         Gourm    .     (no helmet)
rElec  .         Spirit   .     (no cloak)
rCorr  .         Warding  .     (no gloves)
rMut   .         Stasis   .     (no boots)
MR     .....                    p - amulet of faith {!P}
Stlth  ..........               (no ring)
                                (no ring)

@: heavily drained, not resistant to hostile enchantments, extremely unstealthy
A: claws 1, powered by death 1
a: Renounce Religion


You were on level 4 of the Dungeon.
You worshipped Xom.
You were a plaything of Xom.
You were hungry.

You visited 1 branch of the dungeon, and saw 4 of its levels.

You collected 157 gold pieces.

Inventory:

Hand Weapons
 b - a +0 whip
 w - a cursed +0 blowgun {@w1}
Missiles
 a - 31 poisoned needles
Armour
 l - a +0 scale mail (worn)
Jewellery
 p - an amulet of faith (around neck) {!P}
Wands
 h - a wand of heal wounds (0) {@v1, !v}
Scrolls
 d - 2 scrolls of recharging {unknown}
 g - 4 scrolls of remove curse {unknown}
 j - a scroll of identify {unknown}
 k - a scroll of enchant armour {unknown}
 n - 2 scrolls of magic mapping {unknown}
 o - a scroll of random uselessness {unknown}
 q - a scroll of teleportation {unknown}
 r - a scroll of fear {unknown}
Potions
 f - a potion of magic {unknown}
 i - a potion of degeneration {unknown}
Comestibles
 e - 2 bread rations {@e1}
 m - 2 beef jerkies


   Skills:
 + Level 3.8(2.2) Fighting
 - Level 3.9(2.3) Maces & Flails
 + Level 2.5(0.9) Armour
 - Level 0.8(0.0) Dodging
 * Level 2.5(1.0) Unarmed Combat


You had 4 spell levels left.
You didn't know any spells.

Dungeon Overview and Level Annotations

Branches:
Dungeon (4/15)
 Temple: D:4-7

Altars:


Innate Abilities, Weirdness & Mutations

You have sharp fingernails.
You regenerate a little health from kills.


Message History

You feel sick.
Xom's power touches on your mind for a moment.
You are confused.
You take 1 damage, and have 40/42 hp.
You bump into the rock wall.
The scorpion stings you but does no damage.
You bump into the rock wall.
The scorpion barely misses you.
You scratch the giant newt.
You kill the giant newt!
You feel sick.
You are no longer poisoned.
The scorpion closely misses you.
You feel less confused.
Xom's power touches on a nearby monster.
The scorpion evaporates and reforms as an ogre!
Health restored: 42 The ogre hits you.
You take 5 damage, and have 37/42 hp.
Your scale mail prevents you from hitting the ogre.
The ogre hits you.
You take 3 damage, and have 34/42 hp.
You scratch the ogre but do no damage.
Xom's attention turns to you for a moment.
You sense a malignant aura.
Your blowgun {@w1} glows black for a moment.
The ogre hits you.
You take 3 damage, and have 31/42 hp.
You closely miss the ogre. The ogre hits you!
You take 7 damage, and have 24/42 hp.
You scratch the ogre.
The ogre is moderately wounded.
The ogre hits you!
* * * LOW HITPOINT WARNING * * *
You take 6 damage, and have 18/42 hp.
You barely miss the ogre.
The ogre is moderately wounded.
The ogre hits you.
* * * LOW HITPOINT WARNING * * *
You take 1 damage, and have 17/42 hp.
You feel less regenerative.
Things that are here:
a short sword of draining; an orc skeleton
Things that are here:
a ring mail; a club; an orc skeleton Xom asks Qazlal to spice things up a little.
You are now a very special plaything of Xom. "Whee!"
Your surroundings suddenly seem different.
Your surroundings suddenly seem different.
Unknown command.
You hear Xom's maniacal laughter.
Xom's power almost touches on you for a moment.
A monocle briefly appears over your left eye. "Forecast: mostly cloudy."
The ogre is engulfed in seething chaos.
The ogre goes berserk!
Xom is amused. "Hum-dee-hum-dee-hum..."
The ogre suddenly seems more agile.
You are now a plaything of Xom.
The ogre hits you!
* * * LOW HITPOINT WARNING * * *
You take 9 damage, and have 14/42 hp.
O_OOPS!!
MASSIVE DAMAGE!!
Evoke which item? (* to show all) (? for menu, Esc to quit)
Okay, then.
Evoke which item? (* to show all) (? for menu, Esc to quit)
Really evoke
h - a wand of heal wounds {zapped: 3} {@v1, !v}?
Zapping:
h - a wand of heal wounds {zapped: 3} {@v1, !v} (will waste charges)
Press: ? - help, Shift-Dir - straight line, f - you You feel much better.
Evoking this partially-identified wand wasted a few charges.
The ogre hits you!
You regained 14 hp, and now have 28/42 hp.
Unknown command.
The ogre hits you!!
Ouch! That really hurt!
* * * LOW HITPOINT WARNING * * *
You take 22 damage, and have 6/42 hp.
O_OOPS!!
MASSIVE DAMAGE!!
Evoke which item? (* to show all) (? for menu, Esc to quit)
Really evoke
h - a wand of heal wounds {zapped: 5} {@v1, !v}?
Zapping:
h - a wand of heal wounds {zapped: 5} {@v1, !v} (will waste charges)
Press: ? - help, Shift-Dir - straight line, f - you Nothing appears to happen.
The ogre completely misses you.
Read which item? (? for menu, Esc to quit)
Okay, then.
Drink which item? (? for menu, Esc to quit)
It was a potion of heal wounds.
You feel much better.
Xom thinks this is hilarious!
The ogre hits you! The ogre closely misses you.
You regained 15 hp, and now have 21/42 hp.
The ogre hits you!!
Ouch! That really hurt!
You die... "Hey, things were just getting interesting!"
Xom revives you!
You take 17 damage, and have 4/42 hp.
O_OOPS!!
MASSIVE DAMAGE!!
Unknown command.
The ogre hits you!!
Ouch! That really hurt!
You die...
Xom is highly amused!

.................[.........█
█████████.....█████.█████████
█.....█ █.........█
█.....██████████..█<█ ...
█............<....█ ...
█.....███████.███.█ ....
█...........█.█ .█ ...█
███████████.█.█ .█ ....
█.....@O..█.. .█ ....
███████.███..███ ██ ...[
▲............... ....
███████∆█████████ ....
█.........█ ... █.........█ .
█.........█ █.........█
█..)......█


You could see an ogre (berserk).

Vanquished Creatures
  A worker ant (D:4)
  4 gnolls (D:2)
  5 adders
  2 worms
  A giant gecko (D:2)
  5 orcs
  A ball python (D:1)
  7 giant cockroaches
  3 goblins (D:1)
  6 hobgoblins
  4 jackals (D:4)
  20 kobolds
  10 bats
  3 giant newts
  3 quokkas
  8 rats
83 creatures vanquished.

Notes
Turn   | Place    | Note
--------------------------------------------------------------
     0 | D:1      | Goblin1989 the Demonspawn Chaos Knight began the quest for the Orb.
     0 | D:1      | Reached XP level 1. HP: 18/18 MP: 1/1
   167 | D:1      | XOM: silly message
   233 | D:1      | Gained mutation: You regenerate a little health from kills. [demonic ancestry]
   233 | D:1      | Reached XP level 2. HP: 20/24 MP: 2/2
   289 | D:1      | XOM: harmless Ice miscast
   298 | D:1      | XOM: god gift: bubbling dark potion
   354 | D:1      | XOM: divination: magic mapping
   686 | D:1      | XOM: mild Ice miscast
   809 | D:2      | XOM: potion effect (curing)
   852 | D:2      | XOM: smoke on damage
   863 | D:2      | Gained mutation: You have sharp fingernails. [demonic ancestry]
   863 | D:2      | Reached XP level 3. HP: 21/29 MP: 3/3
   895 | D:2      | XOM: harmless Erth miscast
  1043 | D:2      | XOM: potion effect (curing)
  1199 | D:2      | XOM: divination: magic mapping
  1297 | D:2      | Reached skill level 1 in Unarmed Combat
  1297 | D:2      | Reached XP level 4. HP: 20/35 MP: 4/4
  1355 | D:2      | XOM: silly message
  1748 | D:2      | XOM: divination: detect creatures
  1749 | D:2      | XOM: potion effect (might)
  1808 | D:2      | XOM: medium Conj miscast
  2097 | D:3      | XOM: butterfly on damage
  2167 | D:3      | Reached XP level 5. HP: 33/41 MP: 5/5
  2473 | D:3      | XOM: noise
  2489 | D:3      | XOM: colour smoke trail
  2505 | D:3      | XOM: harmless Air miscast
  2842 | D:4      | XOM: medium Conj miscast
  2842 | D:4      | XOM: smoke on damage
  3076 | D:4      | XOM: summons 2 hostile demons
  3346 | D:4      | XOM: mild Trmt miscast
  3366 | D:4      | XOM: enchant monster (bad)
  3367 | D:4      | XOM: noise
  3369 | D:4      | XOM: smoke on damage
  3377 | D:4      | XOM: confusion
  3382 | D:4      | Noticed an ogre
  3382 | D:4      | a scorpion changed into an ogre
  3382 | D:4      | XOM: polymorph scorpion -> ogre
  3387 | D:4      | XOM: medium Chrm miscast
  3412 | D:4      | XOM: fog
  3421 | D:4      | XOM: 2-stop teleportation journey
  3422 | D:4      | XOM: mild Ice miscast
  3424 | D:4      | XOM: silly message
  3426 | D:4      | XOM: chaos cloud
  3430 | D:4      | XOM: enchant monster (bad)
  3436 | D:4      | Xom revived you
  3437 | D:4      | Goblin1989: Ouch! That really hurt! _You die... "Hey, things were just getting interesting!" Xom revives you!
  3438 | D:4      | Demolished by an ogre

Action                   |  1- 3 |  4- 6 || total
-------------------------+-------+-------++-------
Melee: Whip              |   229 |    93 ||   322
       Mace              |    12 |       ||    12
       Unarmed           |       |   141 ||   141
Evoke: Wand              |       |     2 ||     2
  Use: Potion            |     2 |     1 ||     3
  Eat: Chunk             |     1 |     7 ||     8

Vault maps used:
D:1:      tarquinn_simple_flora_water_f
D:2:      kennysheep_six_static_rooms
